Workbook
Name _Toc210551163: 'ARTHUR J. GALLAGHER'!#REF!
Name _Toc210551163: CORRECOL!#REF!
Name _Toc210551163: 'PROSEGUR ITAU'!#REF!
Name _Toc210551172: 'ARTHUR J. GALLAGHER'!#REF!
Name _Toc210551172: CORRECOL!#REF!
Name _Toc210551172: 'PROSEGUR ITAU'!#REF!
Name A: #REF!
Name A: #REF!
Name A: #REF!
Name A: #REF!
Name AA: #REF!
Name AA: #REF!
Name AA: #REF!
Name AA: #REF!
Name class: #REF!
Name class: #REF!
Name class: #REF!
Name class: #REF!
Name class2: #REF!
Name class2: #REF!
Name class2: #REF!
Name class2: #REF!
Name Compras_Suministro: #REF!
Name Compras_Suministro: #REF!
Name Compras_Suministro: #REF!
Name Compras_Suministro: #REF!
Name Diseño: #REF!
Name Diseño: #REF!
Name Diseño: #REF!
Name Diseño: #REF!
Name Honorarios: #REF!
Name Honorarios: #REF!
Name Honorarios: #REF!
Name Honorarios: #REF!
Name ica: #REF!
Name ica: #REF!
Name ica: #REF!
Name ica: #REF!
Name Interventoria_Consultoria: #REF!
Name Interventoria_Consultoria: #REF!
Name Interventoria_Consultoria: #REF!
Name Interventoria_Consultoria: #REF!
Name Obra_Pública: #REF!
Name Obra_Pública: #REF!
Name Obra_Pública: #REF!
Name Obra_Pública: #REF!
Name OLE_LINK1: 'OFERTA DESEMPLEO'!#REF!
Name OLE_LINK1: 'OFERTA VIDA DEUDORES '!#REF!
Name Servicios_Generales: #REF!
Name Servicios_Generales: #REF!
Name Servicios_Generales: #REF!
Name Servicios_Generales: #REF!
Name Transporte_Carga: #REF!
Name Transporte_Carga: #REF!
Name Transporte_Carga: #REF!
Name Transporte_Carga: #REF!
Name Transporte_Restaurante: #REF!
Name Transporte_Restaurante: #REF!
Name Transporte_Restaurante: #REF!
Name Transporte_Restaurante: #REF!

Sheet CONSOLIDADO FINANCIERO
D1: Fondo Nacional del Ahorro SA Evaluación Financiera y Economica
B3: CONSOLIDADO VERIFICACIÓN FINANCIERA
B5: OBJETO PROCESO | D5: PRESTACIÓN DEL SERVICIO DE INTERMEDIACIÓN DE SEGUROS PARA ASESORAR DE MANERA INTEGRAL A LA ENTIDAD EN LA ADMINISTRACIÓN DE LOS RIESGOS, PROCESOS DE CONTRATACIÓN, GESTIÓN DE LOS ASPECTOS TÉCNICOS, ADMINISTRATIVOS, OPERATIVOS Y COMERCIALES DE LAS PÓLIZAS QUE INTEGRAN EL PROGRAMA DE SEGUROS DEUDORES EN EL CUAL EL FONDO NACIONAL DEL AHORRO ACTÚA COMO TOMADOR POR CUENTA DE SUS DEUDORES Y/O LOCATARIOS
B6: NUMERO DE PROCESO | D6: FNA-VGHA-CM-004-2024
B7: PRESUPUESTO LOTE 1 | D7: 1408275750
B8: PRESUPUESTO LOTE 2 | D8: 1248543240
B9: PRESUPUESTO TOTAL | D9: =+D7+D8 -> 2656818990
B11: N° | C11: Proponente | D11: Observaciones | E11: RESULTADOS DE INDICADORES FINANCIEROS Y CAPACIDAD ORGANIZACIONAL | F11: Observaciones | G11: RESULTADOS OFERTA ECONOMICA
B12: 1 | C12: =+'ARTHUR J. GALLAGHER'!D5 -> ARTHUR J GALLAGHER CORREDORES DE SEGUROS SA LOTE 1 | D12: =+'ARTHUR J. GALLAGHER'!L18 -> Cumple con los indicadores de capacidad organizacional y financiera | E12: =+'ARTHUR J. GALLAGHER'!I32 -> CUMPLE | F12: No presento oferta economica via correo electronico. Rechazdo según causal de rechazo numeral 16, según numeral 4.4. OFERTA ECONOMICA subnumerla 1 "L OFERENTE DEBE FORMULAR SU OFERTA ECONÓMICA EN EL FORMATO NO. 9, EL CUAL DEBERÁ PRESENTARSE AL CORREO ELECTRÓNICO contratacionfna@fna.gov.co ENCRIPTADO CON CLAVE EN LA FECHA Y HORA ESTABLECIDA PARA EL CIERRE DEL PROCESO (RECEPCIÓN DE OFERTAS) DE LO CONTRARIO ESTARÁ INMERSO EN CAUSAL DE RECHAZO. | G12: RECHAZADO
B13: 2 | C13: =+CORRECOL!D5 -> CORRECOL SA LOTE 1 | D13: =+CORRECOL!L18 -> Cumple con los indicadores de capacidad organizacional y financiera | E13: =+CORRECOL!I32 -> CUMPLE | F13: Presento la oferta economica via correo electronico | G13: HABILITADO
B14: 3 | C14: =+'PROSEGUR ITAU'!D5 -> UNION TEMPORAL PROSEGUROS-ITAU LOTE 1 | D14: =+'PROSEGUR ITAU'!L25 -> Cumple con los indicadores de capacidad organizacional y financiera | E14: =+'PROSEGUR ITAU'!I39 -> CUMPLE | F14: Presento la oferta economica via correo electronico | G14: HABILITADO
D16: Lina Andrea Bastidas Cobos Comité Evaluador Financiero Profesional 2

Sheet OFERTA VIDA DEUDORES 
A1: FONDO NACIONAL DEL AHORRO
A2: FORMATO- PROPUESTA ECONOMICA
A3: Número del Proceso
A4: Descripción del Proceso: | D4: PRESTACIÓN DEL SERVICIO DE INTERMEDIACIÓN DE SEGUROS PARA ASESORAR DE MANERA INTEGRAL A LA ENTIDAD EN LA ADMINISTRACIÓN DE LOS RIESGOS, PROCESOS DE CONTRATACIÓN, GESTIÓN DE LOS ASPECTOS TÉCNICOS, ADMINISTRATIVOS, OPERATIVOS Y COMERCIALES DE LAS PÓLIZAS QUE INTEGRAN EL PROGRAMA DE SEGUROS DEUDORES EN EL CUAL EL FONDO NACIONAL DEL AHORRO ACTÚA COMO TOMADOR POR CUENTA DE SUS DEUDORES Y/O LOCATARIOS
A5: DILIGENCIAMIENTO DE LA OFERTA: 1. El valor de la oferta económica deber ser expresado en PESOS COLOMBIANOS. 2. Asignar precio en la columna "Valor unitario antes de IVA" y " Valor del IVA" el cual debe corresponder con la regulación tributaria vigente. 3. El oferente deberá tener en cuenta todos los gravámenes, impuestos tasas y demás contribuciones para la estimación del presupuesto. 4. No modificar, agregar o quitar ningún ítem o sub-ítem, so pena de encontrarse inmerso en causal de rechazo. 5. Todos los valores deberán estar ajustados al peso, es decir, sin decimales. Para el efecto, se aplicará la formula redondeo de Excel. 6. No podrá superar los precios de referencia establecidos por la entidad so pena de encontrarse inmerso en causal de rechazo. 7. No podrá superar el Presupuesto Oficial Estimado so pena de encontrarse inmerso en causal de rechazo 8. en caso de que el servicio este excluido de IVA diligenciar 0 en la casailla valor del IVA y explicar las razones de la exclusion.
A6: Nombre del Oferente
A7: NIT
A8: Representante Legal
A9: C.C
A10: ítem | B10: Descripción | D10: Unidad de medida | E10: plazo estimado | F10: PRECIOS DE REFRENECIA Precio mensual techo antes de IVA | G10: Precios Ofertados
C11: RAMO | G11: valor unitario antes de IVA | H11: Valor del IVA | I11: Precio unitario IVA incluido | J11: Valor Total Incluido IVA
A12: 1 | B12: SERVICIO DE INTERMEDIACIÓN DE SEGUROS PARA ASESORAR DE MANERA INTEGRAL A LA ENTIDAD EN LA ADMINISTRACIÓN DE LOS RIESGOS, PROCESOS DE CONTRATACIÓN, GESTIÓN DE LOS ASPECTOS TÉCNICOS, ADMINISTRATIVOS, OPERATIVOS Y COMERCIALES DE LAS PÓLIZAS QUE INTEGRAN EL PROGRAMA DE SEGUROS DEUDORES EN EL CUAL EL FONDO NACIONAL DEL AHORRO ACTÚA COMO TOMADOR POR CUENTA DE SUS DEUDORES Y/O LOCATARIOS. | C12: VIDA DEUDORES | D12: MENSUALIDAD | E12: 15 | F12: 78895000 | G12: 78895000 | H12: =ROUND(G12*19%,0) -> 14990050 | I12: =ROUND(G12+H12,0) -> 93885050 | J12: =ROUND(I12*E12,0) -> 1408275750
A13: Valor total oferta econòmica | G13: =SUM(G12:G12) -> 78895000 | H13: =SUM(H12:H12) -> 14990050 | I13: =SUM(I12:I12) -> 93885050 | J13: =SUM(J12:J12) -> 1408275750
A14: Adicionalmente, declaro: a) Que los valores registrados en la presente oferta económica incluyen todos los costos, impuestos, gastos y erogaciones en los que incurra para el cumplimiento, cabal e íntegro cumplimiento de la presente propuesta, y por lo tanto EL FONDO NACIONAL DEL AHORRO no deberá reconocernos ningún valor adicional al que hemos registrado en la presente oferta, y por ningún concepto y no serán aumentados en ninguna forma durante la ejecución del contrato. b) Que he leído cuidadosamente los documentos del FNA y elaboré mi propuesta ajustada a los mismos. c) Que nos comprometemos a proveer al FONDO NACIONAL DEL AHORRO, en caso de resultar aceptada la presente, todos los servicios que hacen parte de la invitación a ofertar, la justificación de la necesidad y a garantizar la calidad de estos. d) Manifestamos que hemos realizado el examen completo y cuidadoso, y que hemos investigado plenamente las condiciones del contrato que nos comprometemos a ejecutar, así como los riesgos que del mismo se derivan y declaramos que se encuentra bajo nuestra responsabilidad y es nuestra especialidad técnica el conocimiento detallado de los servicios objeto de la presente contratación y en general que conocemos todos los factores determinantes de los costos de ejecución del contrato a suscribir, los cuales se encuentran incluidos en los términos de nuestra propuesta. e) Que los valores registrados en la presente oferta económica contienen las condiciones y especificaciones técnicas descritas en los documentos del proceso. f) Que durante la ejecución del contrato no se incrementaran los valores o tasas ofertadas g) Autorizo al FONDO NACIONAL DEL AHORRO a efectuar la verificación aritmética de las operaciones que se registran en la presente oferta económica, y en caso de presentarse error, le solicito que para todos los efectos legales asuma el valor corregido como valor propuesto.
A19: Firma Representante legal
A20: Nombre:

Sheet OFERTA DESEMPLEO
A1: FONDO NACIONAL DEL AHORRO
A2: FORMATO- PROPUESTA ECONOMICA
A3: Número del Proceso
A4: Descripción del Proceso: | D4: PRESTACIÓN DEL SERVICIO DE INTERMEDIACIÓN DE SEGUROS PARA ASESORAR DE MANERA INTEGRAL A LA ENTIDAD EN LA ADMINISTRACIÓN DE LOS RIESGOS, PROCESOS DE CONTRATACIÓN, GESTIÓN DE LOS ASPECTOS TÉCNICOS, ADMINISTRATIVOS, OPERATIVOS Y COMERCIALES DE LAS PÓLIZAS QUE INTEGRAN EL PROGRAMA DE SEGUROS DEUDORES EN EL CUAL EL FONDO NACIONAL DEL AHORRO ACTÚA COMO TOMADOR POR CUENTA DE SUS DEUDORES Y/O LOCATARIOS
A5: DILIGENCIAMIENTO DE LA OFERTA: 1. El valor de la oferta económica deber ser expresado en PESOS COLOMBIANOS. 2. Asignar precio en la columna "Valor unitario antes de IVA" y " Valor del IVA" el cual debe corresponder con la regulación tributaria vigente. 3. El oferente deberá tener en cuenta todos los gravámenes, impuestos tasas y demás contribuciones para la estimación del presupuesto. 4. No modificar, agregar o quitar ningún ítem o sub-ítem, so pena de encontrarse inmerso en causal de rechazo. 5. Todos los valores deberán estar ajustados al peso, es decir, sin decimales. Para el efecto, se aplicará la formula redondeo de Excel. 6. No podrá superar los precios de referencia establecidos por la entidad so pena de encontrarse inmerso en causal de rechazo. 7. No podrá superar el Presupuesto Oficial Estimado so pena de encontrarse inmerso en causal de rechazo 8. en caso de que el servicio este excluido de IVA diligenciar 0 en la casailla valor del IVA y explicar las razones de la exclusion.
A6: Nombre del Oferente
A7: NIT
A8: Representante Legal
A9: C.C
A10: ítem | B10: Descripción | D10: Unidad de medida | E10: plazo estimado | F10: PRECIOS DE REFRENECIA Precio mensual techo antes de IVA | G10: Precios Ofertados
C11: RAMO | G11: valor unitario antes de IVA | H11: Valor del IVA | I11: Precio unitario IVA incluido | J11: Valor Total Incluido IVA
A12: 2 | B12: SERVICIO DE INTERMEDIACIÓN DE SEGUROS PARA ASESORAR DE MANERA INTEGRAL A LA ENTIDAD EN LA ADMINISTRACIÓN DE LOS RIESGOS, PROCESOS DE CONTRATACIÓN, GESTIÓN DE LOS ASPECTOS TÉCNICOS, ADMINISTRATIVOS, OPERATIVOS Y COMERCIALES DE LAS PÓLIZAS QUE INTEGRAN EL PROGRAMA DE SEGUROS DEUDORES EN EL CUAL EL FONDO NACIONAL DEL AHORRO ACTÚA COMO TOMADOR POR CUENTA DE SUS DEUDORES Y/O LOCATARIOS. | C12: DESEMPLEO | D12: MENSUALIDAD | E12: 12 | F12: 87433000 | G12: 87433000 | H12: =ROUND(G12*19%,0) -> 16612270 | I12: =ROUND(G12+H12,0) -> 104045270 | J12: =ROUND(I12*E12,0) -> 1248543240
A13: Valor total oferta econòmica | G13: =SUM(G12:G12) -> 87433000 | H13: =SUM(H12:H12) -> 16612270 | I13: =SUM(I12:I12) -> 104045270 | J13: =SUM(J12:J12) -> 1248543240
A14: Adicionalmente, declaro: a) Que los valores registrados en la presente oferta económica incluyen todos los costos, impuestos, gastos y erogaciones en los que incurra para el cumplimiento, cabal e íntegro cumplimiento de la presente propuesta, y por lo tanto EL FONDO NACIONAL DEL AHORRO no deberá reconocernos ningún valor adicional al que hemos registrado en la presente oferta, y por ningún concepto y no serán aumentados en ninguna forma durante la ejecución del contrato. b) Que he leído cuidadosamente los documentos del FNA y elaboré mi propuesta ajustada a los mismos. c) Que nos comprometemos a proveer al FONDO NACIONAL DEL AHORRO, en caso de resultar aceptada la presente, todos los servicios que hacen parte de la invitación a ofertar, la justificación de la necesidad y a garantizar la calidad de estos. d) Manifestamos que hemos realizado el examen completo y cuidadoso, y que hemos investigado plenamente las condiciones del contrato que nos comprometemos a ejecutar, así como los riesgos que del mismo se derivan y declaramos que se encuentra bajo nuestra responsabilidad y es nuestra especialidad técnica el conocimiento detallado de los servicios objeto de la presente contratación y en general que conocemos todos los factores determinantes de los costos de ejecución del contrato a suscribir, los cuales se encuentran incluidos en los términos de nuestra propuesta. e) Que los valores registrados en la presente oferta económica contienen las condiciones y especificaciones técnicas descritas en los documentos del proceso. f) Que durante la ejecución del contrato no se incrementaran los valores o tasas ofertadas g) Autorizo al FONDO NACIONAL DEL AHORRO a efectuar la verificación aritmética de las operaciones que se registran en la presente oferta económica, y en caso de presentarse error, le solicito que para todos los efectos legales asuma el valor corregido como valor propuesto.
A19: Firma Representante legal
A20: Nombre:

Sheet CORRECOL
A1: 1 | C1: FONDO NACIONAL DEL AHORRO SA
C3: OBJETO PROCESO | D3: =+'CONSOLIDADO FINANCIERO'!D5 -> PRESTACIÓN DEL SERVICIO DE INTERMEDIACIÓN DE SEGUROS PARA ASESORAR DE MANERA INTEGRAL A LA ENTIDAD EN LA ADMINISTRACIÓN DE LOS RIESGOS, PROCESOS DE CONTRATACIÓN, GESTIÓN DE LOS ASPECTOS TÉCNICOS, ADMINISTRATIVOS, OPERATIVOS Y COMERCIALES DE LAS PÓLIZAS QUE INTEGRAN EL PROGRAMA DE SEGUROS DEUDORES EN EL CUAL EL FONDO NACIONAL DEL AHORRO ACTÚA COMO TOMADOR POR CUENTA DE SUS DEUDORES Y/O LOCATARIOS
C4: NUMERO DE PROCESO | D4: =+'CONSOLIDADO FINANCIERO'!D6 -> FNA-VGHA-CM-004-2024
C5: PROPONENTE | D5: CORRECOL SA LOTE 1
C7: VERIFICACION EXPEDICIÓN REGISTRO UNICO DE PROPONENTES
C8: CORRECOL SA
C9: FECHA CIERRE PROCESO | D9: 45547
C10: FECHA EXPEDICION RUP | D10: 45539 | J10: =IF(D10>=O10,"CUMPLE","NO CUMPLE") -> CUMPLE | L10: mm / dd / aa | M10: =IF(J10="CUMPLE",0,1) -> 0 | N10: =+TODAY()-30 -> 45518 | O10: =+D9-30 -> 45517 | P10: 30 días anteriores
C11: FECHA ULTIMA RENOVACION | D11: 45398 | J11: =IF(D10>=O11,"CUMPLE","NO CUMPLE") -> CUMPLE | L11: mm / dd / aa | M11: =IF(J11="CUMPLE",0,1) -> 0 | O11: =+D11+15 -> 45413 | P11: 10 días hábiles
C12: FECHA DE LOS ESTADOS FINANCIEROS | D12: 45291 | J12: =IF(D11>=O12,"CUMPLE","NO CUMPLE") -> CUMPLE | L12: mm / dd / aa | M12: =IF(J12="CUMPLE",0,1) -> 0 | O12: =+D12+15 -> 45306
C14: VERIFICACIÓN REQUISITOS HABILITANTES FINANCIEROS
A16: NUMERAL | B16: VERIFICACIÓN DE LA CAPACIDAD FINANCIERA | C16: DESCRIPCION | D16: CRITERIO | E16: ITEM | F16: CORRECOL SA | I16: INDICADOR | J16: RESULTADO VERIFICACION | K16: DOCUMENTO ELECTRONICO | L16: OBSERVACIONES
F17: 1
A18: 4.1.3 | B18: 4.1.3.1 CAPACIDAD FINANCIERA | C18: Capital de Trabajo >= 35% POE | D18: =+'CONSOLIDADO FINANCIERO'!D7*0.4 -> 563310300 | E18: Activo Corriente | F18: 46295233292 | I18: =(F18-F19)+(G18-G19) -> 30585415975 | J18: =IF(I18>=D18,"CUMPLE","NO CUMPLE") -> CUMPLE | K18: Registro Único de Proponentes | L18: Cumple con los indicadores de capacidad organizacional y financiera | M18: =IF(J18="CUMPLE",0,1) -> 0
E19: Pasivo Corriente | F19: 15709817317
A20: 4.1.3 | B20: =B18 -> 4.1.3.1 CAPACIDAD FINANCIERA | C20: Índice de Liquidez | D20: 1.6 | E20: Activo Corriente | F20: =+F18 -> 46295233292 | I20: =+((F20*F17)+(G20*G17)+(H20*H17))/((F21*F17)+(G21*G17)+(H21*H17)) -> 2.9468983 | J20: =IF(I20>=D20,"CUMPLE","NO CUMPLE") -> CUMPLE | K20: Registro Único de Proponentes | M20: =IF(J20="CUMPLE",0,1) -> 0
E21: Pasivo Corriente | F21: =+F19 -> 15709817317
A22: 4.1.3 | B22: =B20 -> 4.1.3.1 CAPACIDAD FINANCIERA | C22: Nivel de Endeudamiento | D22: 0.55 | E22: Pasivo Total | F22: 17438748511 | I22: =((F22*F17)+(G22*G17)+(H22*H17))/((F23*F17)+(G23*G17)+(H23*H17)) -> 0.32582817 | J22: =IF(I22<=D22,"CUMPLE","NO CUMPLE") -> CUMPLE | K22: Registro Único de Proponentes | M22: =IF(J22="CUMPLE",0,1) -> 0
E23: Activo Total | F23: 53521303435
A24: 4.1.3 | B24: =B22 -> 4.1.3.1 CAPACIDAD FINANCIERA | C24: Razón de Cobertura de Intereses | D24: 2 | E24: Utilidad Operacional | F24: 20777251857 | I24: =((F24*F17)+(G24*G17)+(H24*H17))/((F25*F17)+(G25*G17)+(H25*H17)) -> 1187.9193 | J24: =IF(I24>=D24,"CUMPLE","NO CUMPLE") -> CUMPLE | K24: Registro Único de Proponentes | M24: =IF(J24="CUMPLE",0,1) -> 0
E25: Gastos de Intereses | F25: 17490458
A26: 4.1.3 | B26: 4.1.3.2 capacidad Organizacional | C26: Rentabilidad sobre Patrimonio | D26: 0.3 | E26: Utilidad Operacional | F26: =+F24 -> 20777251857 | I26: =((F26*F17)+(G26*G17)+(H26*H17))/((F27*F17)+(G27*G17)+(H27*H17)) -> 0.57582541 | J26: =IF(I26>=D26,"CUMPLE","NO CUMPLE") -> CUMPLE | K26: Registro Único de Proponentes | M26: =IF(J26="CUMPLE",0,1) -> 0
E27: Patrimonio | F27: 36082554924
A28: 4.1.3 | B28: =+B26 -> 4.1.3.2 capacidad Organizacional | C28: Rentabilidad sobre Activo | D28: 0.2 | E28: Utilidad Operacional | F28: =+F24 -> 20777251857 | I28: =((F28*F17)+(G28*G17)+(H28*H17))/((F29*F17)+(G29*G17)+(H29*H17)) -> 0.38820527 | J28: =IF(I28>=D28,"CUMPLE","NO CUMPLE") -> CUMPLE | K28: Registro Único de Proponentes | M28: =IF(J28="CUMPLE",0,1) -> 0
E29: Activo total | F29: =+F23 -> 53521303435
A30: 4.1.3 | B30: =B18 -> 4.1.3.1 CAPACIDAD FINANCIERA | C30: Patrimonio ≥ 45% POE | D30: =+'CONSOLIDADO FINANCIERO'!D7*0.2 -> 281655150 | E30: Activo total | F30: =+F23 -> 53521303435 | I30: =(F30-F31)+(G30-G31) -> 36082554924 | J30: =IF(I30>=D30,"CUMPLE","NO CUMPLE") -> CUMPLE | K30: Registro Único de Proponentes | M30: =IF(J30="CUMPLE",0,1) -> 0
E31: Pasivo total | F31: =+F22 -> 17438748511
E32: RESULTADO | I32: =IF(M32>0,"NO CUMPLE","CUMPLE") -> CUMPLE | M32: =M30+M28+M26+M24+M22+M20+M18+M10+M11+M12 -> 0

Sheet PROSEGUR ITAU
A1: 1 | C1: FONDO NACIONAL DEL AHORRO SA
C3: OBJETO PROCESO | D3: =+'CONSOLIDADO FINANCIERO'!D5 -> PRESTACIÓN DEL SERVICIO DE INTERMEDIACIÓN DE SEGUROS PARA ASESORAR DE MANERA INTEGRAL A LA ENTIDAD EN LA ADMINISTRACIÓN DE LOS RIESGOS, PROCESOS DE CONTRATACIÓN, GESTIÓN DE LOS ASPECTOS TÉCNICOS, ADMINISTRATIVOS, OPERATIVOS Y COMERCIALES DE LAS PÓLIZAS QUE INTEGRAN EL PROGRAMA DE SEGUROS DEUDORES EN EL CUAL EL FONDO NACIONAL DEL AHORRO ACTÚA COMO TOMADOR POR CUENTA DE SUS DEUDORES Y/O LOCATARIOS
C4: NUMERO DE PROCESO | D4: =+'CONSOLIDADO FINANCIERO'!D6 -> FNA-VGHA-CM-004-2024
C5: PROPONENTE | D5: UNION TEMPORAL PROSEGUROS-ITAU LOTE 1
C7: VERIFICACION EXPEDICIÓN REGISTRO UNICO DE PROPONENTES
C8: Proseguros Corredores de Seguros S.A. Nit. 860.024.858-6
C9: FECHA CIERRE PROCESO | D9: 45547
C10: FECHA EXPEDICION RUP | D10: 45530 | J10: =IF(D10>=O10,"CUMPLE","NO CUMPLE") -> CUMPLE | L10: mm / dd / aa | M10: =IF(J10="CUMPLE",0,1) -> 0 | N10: =+TODAY()-30 -> 45518 | O10: =+D9-30 -> 45517 | P10: 30 días anteriores
C11: FECHA ULTIMA RENOVACION | D11: 45371 | J11: =IF(D10>=O11,"CUMPLE","NO CUMPLE") -> CUMPLE | L11: mm / dd / aa | M11: =IF(J11="CUMPLE",0,1) -> 0 | O11: =+D11+15 -> 45386 | P11: 10 días hábiles
C12: FECHA DE LOS ESTADOS FINANCIEROS | D12: 45291 | J12: =IF(D11>=O12,"CUMPLE","NO CUMPLE") -> CUMPLE | L12: mm / dd / aa | M12: =IF(J12="CUMPLE",0,1) -> 0 | O12: =+D12+15 -> 45306
C14: Itaú Corredor de Seguros Colombia S.A. NIT: 860.526.660-1
C15: FECHA CIERRE PROCESO | D15: 45547
C16: FECHA EXPEDICION RUP | D16: 45538 | J16: =IF(D16>=O16,"CUMPLE","NO CUMPLE") -> CUMPLE | L16: mm / dd / aa | M16: =IF(J16="CUMPLE",0,1) -> 0 | O16: =+D15-30 -> 45517 | P16: 30 días anteriores
C17: FECHA ULTIMA RENOVACION | D17: 45414 | J17: =IF(D16>=O17,"CUMPLE","NO CUMPLE") -> CUMPLE | L17: mm / dd / aa | M17: =IF(J17="CUMPLE",0,1) -> 0 | O17: =+D17+15 -> 45429 | P17: 10 días hábiles
C18: FECHA DE LOS ESTADOS FINANCIEROS | D18: 45291 | J18: =IF(D16>=O18,"CUMPLE","NO CUMPLE") -> CUMPLE | L18: mm / dd / aa | M18: =IF(J18="CUMPLE",0,1) -> 0 | O18: =+D18+15 -> 45306
C21: VERIFICACIÓN REQUISITOS HABILITANTES FINANCIEROS
A23: NUMERAL | B23: VERIFICACIÓN DE LA CAPACIDAD FINANCIERA | C23: DESCRIPCION | D23: CRITERIO | E23: ITEM | F23: PROSEGUROS | G23: ITAU | I23: INDICADOR | J23: RESULTADO VERIFICACION | K23: DOCUMENTO ELECTRONICO | L23: OBSERVACIONES
F24: 0.5 | G24: 0.5
A25: 4.1.3 | B25: 4.1.3.1 CAPACIDAD FINANCIERA | C25: Capital de Trabajo >= 35% POE | D25: =+'CONSOLIDADO FINANCIERO'!D7*0.4 -> 563310300 | E25: Activo Corriente | F25: 4924351460 | G25: 17652062524 | I25: =(F25-F26)+(G25-G26) -> 17079051106 | J25: =IF(I25>=D25,"CUMPLE","NO CUMPLE") -> CUMPLE | K25: Registro Único de Proponentes | L25: Cumple con los indicadores de capacidad organizacional y financiera | M25: =IF(J25="CUMPLE",0,1) -> 0
E26: Pasivo Corriente | F26: 952474150 | G26: 4544888728
A27: 4.1.3 | B27: =B25 -> 4.1.3.1 CAPACIDAD FINANCIERA | C27: Índice de Liquidez | D27: 1.6 | E27: Activo Corriente | F27: =+F25 -> 4924351460 | G27: =+G25 -> 17652062524 | I27: =+((F27*F24)+(G27*G24)+(H27*H24))/((F28*F24)+(G28*G24)+(H28*H24)) -> 4.1067716 | J27: =IF(I27>=D27,"CUMPLE","NO CUMPLE") -> CUMPLE | K27: Registro Único de Proponentes | M27: =IF(J27="CUMPLE",0,1) -> 0
E28: Pasivo Corriente | F28: =+F26 -> 952474150 | G28: =+G26 -> 4544888728
A29: 4.1.3 | B29: =B27 -> 4.1.3.1 CAPACIDAD FINANCIERA | C29: Nivel de Endeudamiento | D29: 0.55 | E29: Pasivo Total | F29: 952474150 | G29: 6095543579 | I29: =((F29*F24)+(G29*G24)+(H29*H24))/((F30*F24)+(G30*G24)+(H30*H24)) -> 0.29091759 | J29: =IF(I29<=D29,"CUMPLE","NO CUMPLE") -> CUMPLE | K29: Registro Único de Proponentes | M29: =IF(J29="CUMPLE",0,1) -> 0
E30: Activo Total | F30: 5241937684 | G30: 18984915865
A31: 4.1.3 | B31: =B29 -> 4.1.3.1 CAPACIDAD FINANCIERA | C31: Razón de Cobertura de Intereses | D31: 2 | E31: Utilidad Operacional | F31: 1912692026 | G31: 4303040346 | I31: =((F31*F24)+(G31*G24)+(H31*H24))/((F32*F24)+(G32*G24)+(H32*H24)) -> 46.522923 | J31: =IF(I31>=D31,"CUMPLE","NO CUMPLE") -> CUMPLE | K31: Registro Único de Proponentes | M31: =IF(J31="CUMPLE",0,1) -> 0
E32: Gastos de Intereses | F32: 0 | G32: 133605800
A33: 4.1.3 | B33: 4.1.3.2 capacidad Organizacional | C33: Rentabilidad sobre Patrimonio | D33: 0.3 | E33: Utilidad Operacional | F33: =+F31 -> 1912692026 | G33: =+G31 -> 4303040346 | I33: =((F33*F24)+(G33*G24)+(H33*H24))/((F34*F24)+(G34*G24)+(H34*H24)) -> 0.36182501 | J33: =IF(I33>=D33,"CUMPLE","NO CUMPLE") -> CUMPLE | K33: Registro Único de Proponentes | M33: =IF(J33="CUMPLE",0,1) -> 0
E34: Patrimonio | F34: 4289463534 | G34: 12889372286
A35: 4.1.3 | B35: =+B33 -> 4.1.3.2 capacidad Organizacional | C35: Rentabilidad sobre Activo | D35: 0.2 | E35: Utilidad Operacional | F35: =+F31 -> 1912692026 | G35: =+G31 -> 4303040346 | I35: =((F35*F24)+(G35*G24)+(H35*H24))/((F36*F24)+(G36*G24)+(H36*H24)) -> 0.25656375 | J35: =IF(I35>=D35,"CUMPLE","NO CUMPLE") -> CUMPLE | K35: Registro Único de Proponentes | M35: =IF(J35="CUMPLE",0,1) -> 0
E36: Activo total | F36: =+F30 -> 5241937684 | G36: =+G30 -> 18984915865
A37: 4.1.3 | B37: =B25 -> 4.1.3.1 CAPACIDAD FINANCIERA | C37: Patrimonio ≥ 45% POE | D37: =+'CONSOLIDADO FINANCIERO'!D7*0.2 -> 281655150 | E37: Activo total | F37: =+F30 -> 5241937684 | G37: =+G30 -> 18984915865 | I37: =(F37-F38)+(G37-G38) -> 17178835820 | J37: =IF(I37>=D37,"CUMPLE","NO CUMPLE") -> CUMPLE | K37: Registro Único de Proponentes | M37: =IF(J37="CUMPLE",0,1) -> 0
E38: Pasivo total | F38: =+F29 -> 952474150 | G38: =+G29 -> 6095543579
E39: RESULTADO | I39: =IF(M39>0,"NO CUMPLE","CUMPLE") -> CUMPLE | M39: =M37+M35+M33+M31+M29+M27+M25+M10+M11+M12 -> 0

Sheet ARTHUR J. GALLAGHER
A1: 1 | C1: FONDO NACIONAL DEL AHORRO SA
C3: OBJETO PROCESO | D3: =+'CONSOLIDADO FINANCIERO'!D5 -> PRESTACIÓN DEL SERVICIO DE INTERMEDIACIÓN DE SEGUROS PARA ASESORAR DE MANERA INTEGRAL A LA ENTIDAD EN LA ADMINISTRACIÓN DE LOS RIESGOS, PROCESOS DE CONTRATACIÓN, GESTIÓN DE LOS ASPECTOS TÉCNICOS, ADMINISTRATIVOS, OPERATIVOS Y COMERCIALES DE LAS PÓLIZAS QUE INTEGRAN EL PROGRAMA DE SEGUROS DEUDORES EN EL CUAL EL FONDO NACIONAL DEL AHORRO ACTÚA COMO TOMADOR POR CUENTA DE SUS DEUDORES Y/O LOCATARIOS
C4: NUMERO DE PROCESO | D4: =+'CONSOLIDADO FINANCIERO'!D6 -> FNA-VGHA-CM-004-2024
C5: PROPONENTE | D5: ARTHUR J GALLAGHER CORREDORES DE SEGUROS SA LOTE 1
C7: VERIFICACION EXPEDICIÓN REGISTRO UNICO DE PROPONENTES
C8: ARTHUR J GALLAGHER CORREDORES DE SEGUROS SA
C9: FECHA CIERRE PROCESO | D9: 45547
C10: FECHA EXPEDICION RUP | D10: 45537 | J10: =IF(D10>=O10,"CUMPLE","NO CUMPLE") -> CUMPLE | L10: mm / dd / aa | M10: =IF(J10="CUMPLE",0,1) -> 0 | N10: =+TODAY()-30 -> 45518 | O10: =+D9-30 -> 45517 | P10: 30 días anteriores
C11: FECHA ULTIMA RENOVACION | D11: 45412 | J11: =IF(D10>=O11,"CUMPLE","NO CUMPLE") -> CUMPLE | L11: mm / dd / aa | M11: =IF(J11="CUMPLE",0,1) -> 0 | O11: =+D11+15 -> 45427 | P11: 10 días hábiles
C12: FECHA DE LOS ESTADOS FINANCIEROS | D12: 45291 | J12: =IF(D11>=O12,"CUMPLE","NO CUMPLE") -> CUMPLE | L12: mm / dd / aa | M12: =IF(J12="CUMPLE",0,1) -> 0 | O12: =+D12+15 -> 45306
C14: VERIFICACIÓN REQUISITOS HABILITANTES FINANCIEROS
A16: NUMERAL | B16: VERIFICACIÓN DE LA CAPACIDAD FINANCIERA | C16: DESCRIPCION | D16: CRITERIO | E16: ITEM | F16: ARTHUR J GALLAGHER CORREDORES DE SEGUROS SA | I16: INDICADOR | J16: RESULTADO VERIFICACION | K16: DOCUMENTO ELECTRONICO | L16: OBSERVACIONES
F17: 1
A18: 4.1.3 | B18: 4.1.3.1 CAPACIDAD FINANCIERA | C18: Capital de Trabajo >= 35% POE | D18: =+'CONSOLIDADO FINANCIERO'!D7*0.4 -> 563310300 | E18: Activo Corriente | F18: 34522032988 | I18: =(F18-F19)+(G18-G19) -> 21284371570 | J18: =IF(I18>=D18,"CUMPLE","NO CUMPLE") -> CUMPLE | K18: Registro Único de Proponentes | L18: Cumple con los indicadores de capacidad organizacional y financiera | M18: =IF(J18="CUMPLE",0,1) -> 0
E19: Pasivo Corriente | F19: 13237661418
A20: 4.1.3 | B20: =B18 -> 4.1.3.1 CAPACIDAD FINANCIERA | C20: Índice de Liquidez | D20: 1.6 | E20: Activo Corriente | F20: =+F18 -> 34522032988 | I20: =+((F20*F17)+(G20*G17)+(H20*H17))/((F21*F17)+(G21*G17)+(H21*H17)) -> 2.6078649 | J20: =IF(I20>=D20,"CUMPLE","NO CUMPLE") -> CUMPLE | K20: Registro Único de Proponentes | M20: =IF(J20="CUMPLE",0,1) -> 0
E21: Pasivo Corriente | F21: =+F19 -> 13237661418
A22: 4.1.3 | B22: =B20 -> 4.1.3.1 CAPACIDAD FINANCIERA | C22: Nivel de Endeudamiento | D22: 0.55 | E22: Pasivo Total | F22: 16369246158 | I22: =((F22*F17)+(G22*G17)+(H22*H17))/((F23*F17)+(G23*G17)+(H23*H17)) -> 0.35551589 | J22: =IF(I22<=D22,"CUMPLE","NO CUMPLE") -> CUMPLE | K22: Registro Único de Proponentes | M22: =IF(J22="CUMPLE",0,1) -> 0
E23: Activo Total | F23: 46043641982
A24: 4.1.3 | B24: =B22 -> 4.1.3.1 CAPACIDAD FINANCIERA | C24: Razón de Cobertura de Intereses | D24: 2 | E24: Utilidad Operacional | F24: 11763296147 | I24: =((F24*F17)+(G24*G17)+(H24*H17))/((F25*F17)+(G25*G17)+(H25*H17)) -> 37.879115 | J24: =IF(I24>=D24,"CUMPLE","NO CUMPLE") -> CUMPLE | K24: Registro Único de Proponentes | M24: =IF(J24="CUMPLE",0,1) -> 0
E25: Gastos de Intereses | F25: 310548340
A26: 4.1.3 | B26: 4.1.3.2 capacidad Organizacional | C26: Rentabilidad sobre Patrimonio | D26: 0.3 | E26: Utilidad Operacional | F26: =+F24 -> 11763296147 | I26: =((F26*F17)+(G26*G17)+(H26*H17))/((F27*F17)+(G27*G17)+(H27*H17)) -> 0.39641232 | J26: =IF(I26>=D26,"CUMPLE","NO CUMPLE") -> CUMPLE | K26: Registro Único de Proponentes | M26: =IF(J26="CUMPLE",0,1) -> 0
E27: Patrimonio | F27: 29674395824
A28: 4.1.3 | B28: =+B26 -> 4.1.3.2 capacidad Organizacional | C28: Rentabilidad sobre Activo | D28: 0.2 | E28: Utilidad Operacional | F28: =+F24 -> 11763296147 | I28: =((F28*F17)+(G28*G17)+(H28*H17))/((F29*F17)+(G29*G17)+(H29*H17)) -> 0.25548144 | J28: =IF(I28>=D28,"CUMPLE","NO CUMPLE") -> CUMPLE | K28: Registro Único de Proponentes | M28: =IF(J28="CUMPLE",0,1) -> 0
E29: Activo total | F29: =+F23 -> 46043641982
A30: 4.1.3 | B30: =B18 -> 4.1.3.1 CAPACIDAD FINANCIERA | C30: Patrimonio ≥ 45% POE | D30: =+'CONSOLIDADO FINANCIERO'!D7*0.2 -> 281655150 | E30: Activo total | F30: =+F23 -> 46043641982 | I30: =(F30-F31)+(G30-G31) -> 29674395824 | J30: =IF(I30>=D30,"CUMPLE","NO CUMPLE") -> CUMPLE | K30: Registro Único de Proponentes | M30: =IF(J30="CUMPLE",0,1) -> 0
E31: Pasivo total | F31: =+F22 -> 16369246158
E32: RESULTADO | I32: =IF(M32>0,"NO CUMPLE","CUMPLE") -> CUMPLE | M32: =M30+M28+M26+M24+M22+M20+M18+M10+M11+M12 -> 0
